 Dungeon Crawl Stone Soup version 0.28-a0-1389-gc726bef33b (webtiles) character file.

Game seed: 10938446519212951303

9828 MacCMillion the Fighter (level 11, -3/120 HPs)
             Began as an Ogre Hunter on Jan 3, 2022.
             Was a Believer of Qazlal.
             Slain by a freezing wraith (6 damage)
             ... on level 10 of the Dungeon.
             The game lasted 01:16:24 (20704 turns).

MacCMillion the Fighter (Ogre Hunter)              Turns: 20704, Time: 01:16:24

Health: -3/120     AC: 11    Str: 23    XL:     11   Next: 52%
Magic:  15/15      EV: 15    Int: 12    God:    Qazlal [**....]
Gold:   434        SH:  3    Dex: 17    Spells: 10/10 levels left

rFire   . . .      SeeInvis .   D - +10 hand axe of the Heavens {vorpal, rElec rC- Will++ Str+3}
rCold   x . .      Faith    .   (no shield)
rNeg    . . .      Spirit   .   H - quicksilver dragon scales
rPois   .          Reflect  .   (helmet restricted)
rElec   +          Harm     .   (no cloak)
rCorr   .          Rampage  .   (gloves unavailable)
Will    ++++.                   (boots unavailable)
Stlth   +.........              j - amulet of the acrobat
HPRegen 0.30/turn               m - +4 ring of evasion
MPRegen 0.14/turn               s - +6 ring of dexterity

@: hasted and slowed
A: large, unfitting armour, tough skin 1
a: Renounce Religion, Upheaval


You were on level 10 of the Dungeon.
You worshipped Qazlal.
Qazlal was pleased with you.
You visited 2 branches of the dungeon, and saw 12 of its levels.

You collected 609 gold pieces.
You spent 175 gold pieces at shops.

Inventory:

Hand Weapons
 t - the +5 dagger "Rowenaq" {vorpal, Will+}
   (You bought it in a shop on level 3 of the Dungeon)

   It inflicts extra damage upon your enemies.
   Will:      It increases your willpower.
 D - the +10 hand axe of the Heavens (weapon) {vorpal, rElec rC- Will++ Str+3}
   (You found it on level 8 of the Dungeon)

   It inflicts extra damage upon your enemies.
   Str:       It affects your strength (+3).
   rC:        It makes you vulnerable to cold.
   rElec:     It insulates you from electricity.
   Will:      It greatly increases your willpower.
Missiles
 c - 5 large rocks
 h - 2 throwing nets
 o - 56 poisoned darts
 v - 20 boomerangs (quivered)
 A - 4 silver boomerangs
 N - a curare-tipped dart
Armour
 b - a +1 robe
 H - quicksilver dragon scales (worn)
 J - a +0 kite shield
Jewellery
 e - a ring of ice
 j - an amulet of the acrobat (around neck)
 m - a +4 ring of evasion (left hand)
 n - a ring of protection from cold
 r - a ring of protection from fire
 s - a +6 ring of dexterity (right hand)
 K - a +6 ring of intelligence
 L - a ring of flight
 S - a ring of flight
Wands
 F - a wand of polymorph (4)
 R - a wand of acid (6)
Scrolls
 a - a scroll of summoning {unknown}
 d - a scroll of identify
 f - 2 scrolls of amnesia
 g - a scroll of vulnerability {unknown}
 k - a scroll of brand weapon {unknown}
 q - a scroll of silence {unknown}
 u - a scroll of teleportation
 y - a scroll of fear {unknown}
 C - a scroll of noise {unknown}
 G - a scroll of fog {unknown}
 I - a scroll of acquirement {unknown}
 O - a scroll of magic mapping {unknown}
 P - a scroll of enchant armour
Potions
 i - 6 potions of curing
 l - 2 potions of haste
 p - 2 potions of mutation {unknown}
 w - a potion of lignification {unknown}
 x - 2 potions of degeneration
 z - 3 potions of attraction
 B - 2 potions of ambrosia {unknown}
 E - a potion of cancellation {unknown}
 M - a potion of brilliance {unknown}
 Q - a potion of invisibility {unknown}


   Skills:
 + Level 11.5 Fighting
 - Level 6.6 Short Blades
 + Level 6.5 Axes
 - Level 2.0(4.3) Slings
 - Level 8.0(8.2) Throwing
 + Level 3.5 Armour
 + Level 5.0 Dodging
 - Level 2.0 Stealth
 + Level 6.4 Invocations


You had 10 spell levels left.
You didn't know any spells.
Your spell library contained the following spells:

 Spells                   Type           Power      Damage    Failure   Level
 Apportation              Tloc           0%         N/A       45%         1
 Slow                     Hex            0%         N/A       45%         1
 Ensorcelled Hibernation  Hex/Ice        0%         N/A       61%         2
 Confusing Touch          Hex            0%         N/A       83%         3
 Spider Form              Tmut/Pois      0%         N/A       83%         3
 Vampiric Draining        Necr           0%         2d6       83%         3
 Alistair's Intoxication  Tmut/Pois      0%         N/A       100%        5


Dungeon Overview and Level Annotations

Branches:
Dungeon (11/15)            Temple (1/1) D:6            Lair (0/6) D:10
    Orc (0/2) D:10

Altars:
Ashenzari
Cheibriados
Dithmenos
Elyvilon
Fedhas
Gozag
Hepliaklqana
Kikubaaqudgha
Makhleb
Nemelex Xobeh
Okawaru
Qazlal
Ru
Sif Muna
Trog
Uskayaw
Vehumet
Wu Jian
Xom
Yredelemnul
Zin
The Shining One
Jiyva

Shops:
D:3 (   D:7 =

Annotations:
D:11 exclusion: door


Innate Abilities, Weirdness & Mutations

You are too large for most types of armour.
You have tough skin. (AC +1)


Message History

The silver boomerang hits the freezing wraith!
The freezing wraith is moderately damaged.
You slash the freezing wraith!
The freezing wraith is heavily damaged.
You block the freezing wraith's attack. The freezing wraith closely misses you.
You closely miss the freezing wraith.
The freezing wraith is heavily damaged.
The freezing wraith closely misses you.
The freezing wraith hits you but does no damage.
You hit the freezing wraith.
The freezing wraith is severely damaged.
The freezing wraith hits you. The freezing wraith freezes you!
You feel a terrible chill! The freezing wraith hits you!
The freezing wraith drains your vigour!
You feel yourself slow down.
You barely miss the freezing wraith.
The freezing wraith is severely damaged.
The freezing wraith hits you but does no damage.
The freezing wraith hits you. x2; The freezing wraith freezes you!
You feel a terrible chill!
* * * LOW HITPOINT WARNING * * *
The freezing wraith hits you.
* * * LOW HITPOINT WARNING * * *
The freezing wraith drains your vigour!
You feel as though you will be slow longer.
The freezing wraith closely misses you.
The freezing wraith completely misses you.
The freezing wraith hits you.
* * * LOW HITPOINT WARNING * * *
The freezing wraith freezes you!!
You feel a terrible chill!
* * * LOW HITPOINT WARNING * * *
You block the freezing wraith's attack.
Okay, then.
You feel better. The freezing wraith closely misses you.
The freezing wraith hits you.
* * * LOW HITPOINT WARNING * * *
Unknown command.
You feel yourself speed up. The freezing wraith closely misses you.
The freezing wraith hits you but does no damage.
The freezing wraith hits you.
You die...

##.# ##.# ##..# #.# ####..## #.#
# #....## #########'### ###
###'##########...........# '.#
#..<........##...........#
#.###...........##...........#
#..##>..........☼#...........####
###.....####....@W...............
#.........##.[).##...........####
...........#....##............###
.............#####...........#..#
.....>.......# ########..#...#.
..P.........## ##..#...#...
...........## ##.#...#...#.
#.......(.## #....#...#...
###.....#### #######..#...#...#.


You could see a freezing wraith.

Vanquished Creatures
  Pikel (D:7)
  A kobold demonologist (D:11)
  Psyche (D:8)
  A komodo dragon (D:10)
  3 trolls
  A hornet (D:8)
  3 shadows
  4 yaks
  A wyvern (D:10)
  Grum (D:8)
  2 wargs
  3 steam dragons
  4 vampire mosquitoes
  A water moccasin (D:7)
  An acid dragon (D:11)
  2 ice beasts
  2 black bears
  A sky beast (D:8)
  2 ogres
  5 orc warriors
  A necrophage (D:6)
  A centaur (D:8)
  3 phantoms
  2 wolves
  3 lemures (D:7)
  2 bullfrogs
  3 kobold brigands
  A scorpion (D:5)
  A gnoll sergeant (D:4)
  A killer bee (D:11)
  8 wights (D:9)
  11 howler monkeys
  4 centaur zombies
  3 hounds
  2 centaur skeletons
  2 jellies
  4 orc priests
  3 gnoll shamans
  2 iguanas
  12 orc wizards
  3 killer bee zombies
  A hound skeleton (D:4)
  3 howler monkey zombies
  24 gnolls
  3 adders
  A worm (D:5)
  3 dart slugs
  46 orcs
  4 bats
  5 endoplasms
  2 giant cockroaches
  3 hobgoblins (D:2)
  11 jackals
  3 quokkas
  5 ball pythons
  6 frilled lizards
  4 goblins
  20 kobolds
  6 rats
262 creatures vanquished.

Vanquished Creatures (others)
  A goblin (D:8)
  22 plants (D:4)
23 creatures vanquished.

Grand Total: 285 creatures vanquished

Notes
Turn   | Place    | Note
-------+----------+-------------------------------------------
     0 | D:1      | MacCMillion the Ogre Hunter began the quest for the Orb.
     0 | D:1      | Reached XP level 1. HP: 22/22 MP: 1/1
   359 | D:1      | Reached XP level 2. HP: 29/29 MP: 2/2
   407 | D:1      | Reached skill level 3 in Fighting
   407 | D:1      | Reached skill level 1 in Stealth
   913 | D:1      | Found a faded altar of an unknown god.
  1300 | D:2      | Reached XP level 3. HP: 33/37 MP: 3/3
  1661 | D:2      | Noticed a necrophage
  2004 | D:3      | Found Xeug's Antique Weapon Shoppe.
  2140 | D:3      | Noticed a black bear
  2482 | D:3      | Found a blossoming altar of Fedhas.
  2621 | D:4      | Noticed a phantom
  2933 | D:4      | Noticed an ogre
  2950 | D:4      | Reached XP level 4. HP: 40/48 MP: 4/4
  2959 | D:4      | Killed an ogre
  2960 | D:4      | Reached skill level 4 in Fighting
  2960 | D:4      | Reached XP level 5. HP: 47/54 MP: 5/5
  3748 | D:5      | Entered Level 5 of the Dungeon
  3770 | D:5      | Noticed a yak
  3778 | D:5      | Noticed a yak
  3779 | D:5      | Noticed a yak
  4200 | D:3      | Killed a black bear
  4201 | D:3      | Reached skill level 5 in Fighting
  4201 | D:3      | Reached skill level 5 in Throwing
  4201 | D:3      | Reached XP level 6. HP: 11/66 MP: 6/6
  5183 | D:5      | Reached skill level 6 in Fighting
  5183 | D:5      | Reached skill level 1 in Short Blades
  5447 | D:5      | Killed a yak
  5448 | D:5      | Reached XP level 7. HP: 45/76 MP: 7/7
  5660 | D:5      | Reached skill level 7 in Fighting
  6156 | D:4      | Found an opulent altar of Gozag.
  6199 | D:3      | Bought a polished dagger for 175 gold pieces
  6199 | D:3      | Identified the +5 dagger "Rowenaq" {vorpal, Will+} (You
                  | bought it in a shop on level 3 of the Dungeon)
  6870 | D:4      | Reached skill level 8 in Fighting
  6870 | D:4      | Reached XP level 8. HP: 76/88 MP: 8/8
  7455 | D:4      | Killed a yak
  7547 | D:4      | Killed a yak
  8042 | D:5      | Found a stormy altar of Qazlal.
  8161 | D:6      | Found a staircase to the Ecumenical Temple.
  8174 | Temple   | Entered the Ecumenical Temple
  8323 | D:6      | Reached skill level 9 in Fighting
  8423 | D:6      | Found a white marble altar of Elyvilon.
  8740 | D:6      | Reached skill level 5 in Short Blades
  8812 | D:6      | Reached XP level 9. HP: 88/100 MP: 9/9
  8900 | D:5      | Became a worshipper of Qazlal Stormbringer
  8935 | D:7      | Found Inaicuid's One-of-a-Kind Rings.
  8959 | D:7      | Found a sacrificial altar of Ru.
  8982 | D:7      | Found a sparkling altar of Nemelex Xobeh.
  9431 | D:7      | Noticed Pikel
  9466 | D:7      | Killed Pikel
  9467 | D:7      | Reached skill level 10 in Fighting
 10053 | D:7      | Found a hazy altar of Hepliaklqana.
 10315 | D:7      | Found a glowing silver altar of Zin.
 10622 | D:8      | Identified the +10 hand axe of the Heavens {vorpal, rElec
                  | rC- Will++ Str+3}
 10663 | D:8      | Noticed Grum
 10666 | D:8      | Noticed a hornet
 10680 | D:8      | Killed a hornet
 10681 | D:8      | Reached skill level 1 in Axes
 10702 | D:7      | HP: 2/101 [wolf[Grum] (6)]
 10720 | D:7      | HP: 5/101 [wolf[Grum] (4)]
 10736 | D:6      | HP: 4/101 [wolf[Grum] (10)]
 11609 | D:6      | Found a radiant altar of Vehumet.
 11707 | D:7      | Reached skill level 1 in Invocations
 11856 | D:8      | Killed Grum
 11946 | D:8      | Noticed Psyche
 12030 | D:5      | Reached XP level 10. HP: 102/110 MP: 11/11
 12510 | D:4      | Reached * piety under Qazlal
 12903 | D:4      | Reached skill level 1 in Slings
 13711 | D:4      | Found an opulent altar of Gozag.
 14571 | D:8      | Identified the +6 scale mail "Piym" {rN+ Will- Regen+
                  | Str+2}
 14668 | D:8      | Killed Psyche
 14779 | D:8      | Found an iron altar of Okawaru.
 15204 | D:8      | Found a bloodstained altar of Trog.
 15368 | D:8      | Found a burning altar of Makhleb.
 15825 | D:9      | Reached skill level 1 in Armour
 15868 | D:9      | Found a shimmering blue altar of Sif Muna.
 15982 | D:9      | Reached skill level 5 in Axes
 16158 | D:10     | Entered Level 10 of the Dungeon
 16238 | D:9      | Reached ** piety under Qazlal
 16629 | D:9      | Reached skill level 5 in Invocations
 17860 | D:9      | Reached XP level 11. HP: 97/119 MP: 15/15
 18167 | D:10     | Found a staircase to the Orcish Mines.
 18169 | D:10     | Found a staircase to the Lair.
 18363 | D:10     | Reached skill level 11 in Fighting
 19888 | D:10     | Reached skill level 5 in Dodging
 20094 | D:10     | Found a staircase to the Orcish Mines.
 20097 | D:10     | Found a staircase to the Lair.
 20574 | D:11     | Paralysed by a floating eye for 3 turns
 20702 | D:10     | HP: 2/120 [freezing wraith (24)]
 20704 | D:10     | Slain by a freezing wraith

Illustrated notes

Levels and vault maps discovered:
D:1:      amcnicky_arrival_blooded_trapdoor, layout_loops_ring,
          chequers_ecumenical_altar_lobes
D:2:      layout_loops_ring, minmay_misc_feat_x, amcnicky_mini_corridor_feature
D:3:      layout_loops_corners, mainiacjoe_overflow_concentric_impassable,
          serial_shops, shop
D:4:      lemuel_castle_with_subvaults [lemuel_castle_interior_carwin_3],
          layout_loops_cross, old_standard_altar, serial_bayou_pond_c,
          kennysheep_opposing_triangles
D:5:      layout_loops_ring, nicolae_overflow_hidden_temple
D:6:      layout_cave_pods, lemuel_coloured_pillars_altar,
          mainiacjoe_overflow_cross_hatched, minmay_temple_entry_ruins,
          minmay_misc_feat_ornament
D:7:      layout_basic, mainiacjoe_overflow_surrounded_room,
          worldfamousw_hep_ancestral_shrine,
          mainiacjoe_overflow_large_starburst, nicolae_shop_unique_rings,
          uniq_pikel
D:8:      layout_cave_pools, kennysheep_okawaru_gauntlet,
          lightli_temple_of_fire, mainiacjoe_overflow_chevrons, grunt_decor_cap,
          uniq_grum, uniq_psyche
D:9:      layout_irregular_city, led_sif_pool
D:10:     layout_roguey, erik_lair_orcish_takeover, hex_medium,
          nicolae_elevator_lobby_plus
D:11:     layout_layer_cave, muffindrake_ghost_dual_entry, minmay_liquid_box,
          onia_ninara_cookie
Temple:   pf_slimified_temple

Skill      XL: |  1  2  3  4  5  6  7  8  9 10 11 |
---------------+----------------------------------+-----
Fighting       | 3 4 5 6 8 9 10 11 | 11.5
Dodging        | 2 3 4 5 |  5.0
Stealth        | 1 2 |  2.0
Throwing       | 5 6 8 |  8.0
Short Blades   | 2 3 5 6 |  6.6
Axes           | 3 5 6 |  6.5
Invocations    | 2 5 6 |  6.4
Slings         | 2 |  2.0
Armour         | 2 3 |  3.5

Action                   |  1- 3 |  4- 6 |  7- 9 | 10-12 || total
-------------------------+-------+-------+-------+-------++-------
Melee: Short sword       |   160 |    67 |    32 |       ||   259
       Mace              |     2 |       |       |       ||     2
       Dagger            |       |       |   312 |    19 ||   331
       Hand axe          |       |       |     9 |   351 ||   360
Throw: Dart              |    10 |    30 |    26 |    14 ||    80
       Large rock        |     3 |       |     3 |     1 ||     7
       Throwing net      |     2 |     1 |     1 |       ||     4
       Boomerang         |       |       |     5 |    25 ||    30
Invok: Upheaval          |       |       |       |     3 ||     3
  Use: Scroll            |     2 |     3 |     1 |       ||     6
       Potion            |       |       |     6 |     5 ||    11
 Stab: Sleeping          |     3 |     1 |     1 |       ||     5
       Held in net/web   |       |       |     1 |       ||     1
Armor: Robe              |    49 |    15 |    72 |    14 ||   150
       Quicksilver drago |       |       |       |   108 ||   108
Dodge: Dodged            |   122 |    84 |   259 |   238 ||   703
Block: Other             |       |       |       |    30 ||    30

Table legend: (Time is in decaauts)
 A = Elapsed time spent in this place.
 B = Non-inter-level travel time spent in this place.
 C = Inter-level travel time spent in this place.
 D = Time resting spent in this place.
 E = Time spent auto-exploring this place.
 F = Levels seen in this place.
 G = Mean time per level.
                   A        B        C        D        E       F      G
               +--------+--------+--------+--------+--------+-----+--------+
         Total |  20672 |  19567 |   1105 |   4274 |  10535 |  12 | 1722.7 |
       Dungeon |  20569 |  19475 |   1094 |   4274 |  10457 |  11 | 1869.9 |
        Temple |    103 |     92 |     11 |      0 |     78 |   1 |  103.0 |
               +--------+--------+--------+--------+--------+-----+--------+

Top non-repeatable levels by time:
     D:4: 4136 daAuts
     D:3: 2323 daAuts
    D:10: 2255 daAuts
     D:9: 2233 daAuts
     D:7: 1785 daAuts
     D:6: 1690 daAuts
     D:5: 1627 daAuts
     D:8: 1420 daAuts
     D:1: 1329 daAuts
     D:2: 1229 daAuts
    D:11: 537 daAuts
  Temple: 103 daAuts
